 Dungeon Crawl Stone Soup version 0.24.1-4-ge52af88ad5 (webtiles) character file.

Game seed: 4612871076888445796, levelgen mode: deterministic

3442 lepoulpe303 the Thaumaturge (level 9, 0/75 HPs)
             Began as a Purple Draconian Transmuter on Apr 10, 2020.
             Was a Believer of Wu Jian.
             Slain by a hog (5 damage)
             ... on level 6 of the Dungeon on Apr 14, 2020.
             The game lasted 00:43:52 (8506 turns).

lepoulpe303 the Thaumaturge (DrTm)                  Turns: 8506, Time: 00:43:53

Health: 0/75       AC:  9    Str: 12    XL:     9   Next: 77%
Magic:  19/21      EV: 14    Int: 16    God:    Wu Jian [**....]
Gold:   271        SH:  0    Dex: 13    Spells: 13/24 levels left

rFire    . . .     SeeInvis .     - Unarmed
rCold    + + .     Gourm    .   (no shield)
rNeg     . . .     Faith    .   (armour unavailable)
rPois    .         Spirit   .   (helmet restricted)
rElec    .         Reflect  .   j - scarf {rC+ rF+}
rCorr    .         Harm     .   t - +0 pair of gloves
MR       +....                  g - +0 pair of boots
Stlth    +.........             (no amulet)
HPRegen  0.22/turn              h - ring of ice {rC+, rF-}
MPRegen  0.17/turn              (no ring)

@: no status effects
A: breathe power, unfitting armour, cold-blooded, AC +7
a: Breathe Dispelling Energy, Wall Jump, Renounce Religion


You were on level 6 of the Dungeon.
You worshipped Wu Jian.
Wu Jian was pleased with you.
You were not hungry.

You visited 2 branches of the dungeon, and saw 8 of its levels.

You collected 271 gold pieces.

Inventory:

Missiles
 m - 24 poisoned darts (quivered)
 G - 7 javelins
 Q - 59 arrows
Armour
 g - a +0 pair of boots (worn)
 j - a scarf of resistance (worn)
 t - a +0 pair of gloves (worn)
Jewellery
 f - the ring of the Ageless Dances {Fire Int+2, unknown}
   (You found it on level 6 of the Dungeon)

   [ring of fire]

   It enhances your fire magic.
   It affects your intelligence (+2).
   It protects you from fire.
   It makes you vulnerable to cold.
 h - a ring of ice (left hand) {rC+, rF-}
 C - an uncursed ring of positive energy {unknown}
Wands
 D - a wand of clouds (4)
Scrolls
 a - a scroll of enchant weapon {unknown}
 b - a scroll of teleportation {unknown}
 i - 9 scrolls of identify
 k - a scroll of fear {unknown}
 o - 2 scrolls of random uselessness {unknown}
 p - 3 scrolls of magic mapping {unknown}
 r - a scroll of amnesia {unknown}
 w - 7 scrolls of remove curse
 y - a scroll of fog {unknown}
 A - 2 scrolls of vulnerability {unknown}
 F - a scroll of noise {unknown}
Potions
 c - 4 potions of brilliance
 d - 2 potions of might
 l - a potion of heal wounds
 n - 2 potions of flight
 q - a potion of curing
 s - a potion of agility
 u - 2 potions of lignification {!q}
 v - a potion of ambrosia {unknown}
 x - a potion of experience {unknown}
 z - 2 potions of berserk rage {!q}
 B - a potion of resistance {unknown}
Comestibles
 e - 7 rations
 E - 8 chunks of flesh


   Skills:
 + Level 5.6 Fighting
 + Level 4.9 Dodging
 + Level 6.0 Unarmed Combat
 * Level 8.4 Spellcasting
 + Level 2.6 Hexes
 * Level 7.6 Transmutations


You had 13 spell levels left.
You knew the following spells:

 Your Spells              Type           Power        Failure   Level  Hunger
a - Beastly Appendage     Tmut           ####..       1%          1    None
b - Ice Form              Ice/Tmut       ####....     22%         4    ###....
c - Spider Form           Tmut/Pois      ###.......   7%          3    #......
s - Sticks to Snakes      Tmut           ####....     1%          2    None
v - Corona                Hex            ###....      3%          1    None

Your spell library contained the following spells:

 Spells                   Type           Power        Failure   Level  Hunger
 Ensorcelled Hibernation  Hex/Ice        ###...       10%         2    None
 Confuse                  Hex            ###.....     11%         3    #......
 Tukima's Dance           Hex            ###.....     11%         3    #......
 Blade Hands              Tmut           ####......   13%         5    #####..
 Dazzling Spray           Conj/Hex       ##....       19%         3    #......


Dungeon Overview and Level Annotations

Branches:
Dungeon (7/15)             Temple (1/1) D:4

Altars:
Ashenzari
Dithmenos
Elyvilon
Fedhas
Gozag
Hepliaklqana
Kikubaaqudgha
Makhleb
Nemelex Xobeh
Okawaru
Qazlal
Ru
Sif Muna
Trog
Uskayaw
Wu Jian
Yredelemnul
Zin
The Shining One
Jiyva

Annotations:
D:3 3 runed translucent doors, Cunning1Sparkmage's ghost, amateur MfAE; nightchill's ghost, amateur GrVM


Innate Abilities, Weirdness & Mutations

You can breathe bolts of dispelling energy.
Your rich purple scales are hard. (AC +7)
You cannot fit into any form of body armour.
You are cold-blooded and may be slowed by cold attacks.


Message History

You kill the hog!
Your Unarmed Combat skill increases to level 6!
The hog looks more healthy.
The hog bites you but does no damage. The hog closely misses you.
There is a stone staircase leading up here.
The hog bites you!
* * * LOW HITPOINT WARNING * * *
You climb upwards.
There is a stone staircase leading down here.
You take 9 damage, and have 7/75 hp.
Okay, then.
Okay, then.
You spin and attack the hog.
You barely miss the hog. The hog bites you.
* * * LOW HITPOINT WARNING * * *
The hog bites you but does no damage.
You take 2 damage, and have 5/75 hp.
You create a snake!
You now have 59 arrows.
You now have 19/21 mp.
The hog bites you.
You die...

.#.#.######................##.#..
.#.#.# #................##.#..
.#.#.# ##...............##.###
.#.#.# #..............###.# #
...#.# #....#############.###
...#.#######..#.#####............
.......................#..###.###
...#.########.#.#####..#..# #.#
.............>Sh@.........###.#
...##################..##.....###
.................................
###.#######.###.####...########.#
#># #..[#.# #...# #☼... #.#
#.#.#.# #...# ###.... #.# #.#.#.#
#...# #...._. #.# #.#.#.# #...#
#.#.... #.# #.#.#.# #...# #.#....


You could see a hog and a friendly adder.

Levels and vault maps discovered:
D:1:      shiori_arrival_maze, layout_basic
D:2:      layout_basic, minitemple
D:3:      layout_basic, cheibrodos_sewer_entry_bend, gammafunk_ghost_cemetery,
          uniq_robin
D:4:      layout_rooms, kennysheep_mini_moat,
          minmay_temple_entry_statues_fountains, hangedman_decor_push,
          uniq_natasha, uniq_eustachio, uniq_crazy_yiuf_cottage
D:5:      layout_cave_pods, lemuel_crystal_altar, lemuel_crystal_altar,
          first_ration, kennysheep_donut, fedhas_altar_1, uniq_blork_the_orc
D:6:      layout_basic, grunt_qazlal_clouds, overflow_temple_1_default,
          kennysheep_generic_room_11, uniq_menkaure
D:7:      layout_basic, kennysheep_mini, serial_glass, glass_columns_b,
          glass_columns_b, grunt_livestock, nicolae_tso_besieged_by_evil
Temple:   pf_slimified_temple

Notes
Turn   | Place    | Note
-------+----------+-------------------------------------------
     0 | D:1      | lepoulpe303 the Draconian Transmuter began the quest for
                  | the Orb.
     0 | D:1      | Reached XP level 1. HP: 16/16 MP: 3/3
    37 | D:1      | Identified a +0 whip
   260 | D:1      | Reached XP level 2. HP: 23/23 MP: 3/5
   264 | D:1      | Learned a level 2 spell: Sticks to Snakes
   317 | D:1      | Identified a +0 club
   416 | D:1      | Identified a +0 dagger
   419 | D:1      | Reached skill level 2 in Dodging
   805 | D:1      | Identified 3 scrolls of remove curse
   806 | D:1      | Identified a ring of ice (You found it on level 1 of the
                  | Dungeon)
   812 | D:1      | Identified a scarf of resistance (You found it on level 1
                  | of the Dungeon)
   895 | D:2      | Identified a +0 pair of boots (You found it on level 2 of
                  | the Dungeon)
   910 | D:2      | Reached XP level 3. HP: 22/28 MP: 4/6
   929 | D:2      | Learned a level 3 spell: Spider Form
   934 | D:2      | Identified a +0 club
  1238 | D:2      | Found a sacrificial altar of Ru.
  1239 | D:2      | Found a basalt altar of Yredelemnul.
  1240 | D:2      | lepoulpe303: !whichgod drtr
  1240 | D:2      | meem: No keyword 'drtr'
  1240 | D:2      | lepoulpe303: !whichgod datr
  1240 | D:2      | meem: No keyword 'datr'
  1240 | D:2      | lepoulpe303: !whichgod dctr
  1240 | D:2      | meem: No keyword 'dctr'
  1240 | D:2      | lepoulpe303: !whichgod dntr
  1240 | D:2      | meem: No keyword 'dntr'
  1240 | D:2      | lepoulpe303: !whichgod drtm
  1240 | D:2      | meem: 92 recent wins for drtm: 26x Wu Jian, 14x
                  | Cheibriados, 9x Okawaru, 8x Ru, 7x Makhleb, 5x Nemelex
                  | Xobeh, 5x Gozag, 3x Elyvilon, 3x Jiyva, 3x The Shining One,
                  | 2x Ashenzari, 2x Vehumet, 2x Hepliaklqana, 2x Sif Muna,
                  | Qazlal
  1512 | D:2      | Identified a +0 club
  1552 | D:2      | HP: 6/29 [worm (7)]
  1895 | D:2      | Reached XP level 4. HP: 35/36 MP: 6/8
  2083 | D:2      | Reached skill level 2 in Fighting
  2083 | D:2      | Reached skill level 3 in Transmutations
  2148 | D:2      | Upgraded the game from 0.24.1-1-gd1d2a07e1b to
                  | 0.24.1-4-ge52af88ad5
  2356 | D:3      | Identified a +0 dagger
  2356 | D:3      | Identified a +0 leather armour
  2357 | D:3      | Identified a +0 short sword
  2357 | D:3      | Identified a +0 club
  2357 | D:3      | Identified a +0 leather armour
  2358 | D:3      | Identified a +0 short sword
  2358 | D:3      | Identified a +0 ring mail
  2365 | D:3      | Reached skill level 3 in Spellcasting
  2372 | D:3      | Identified a +0 dagger
  2372 | D:3      | Identified a +0 robe
  2386 | D:3      | Reached XP level 5. HP: 31/41 MP: 3/9
  2421 | D:3      | Identified a +0 dagger
  2473 | D:3      | Identified a +0 club
  2473 | D:3      | Identified a +0 club
  2475 | D:3      | Identified a +0 dagger
  2476 | D:3      | Identified a +1 whip of holy wrath
  2476 | D:3      | Identified a +0 animal skin
  2476 | D:3      | Identified a +1 helmet
  2476 | D:3      | Noticed Robin
  2479 | D:3      | Identified a +0 hunting sling
  2483 | D:3      | Identified a +0 club
  2497 | D:3      | HP: 9/41 [goblin[Robin] (3)]
  2501 | D:3      | Found a runed translucent gate.
  2501 | D:3      | Found a runed translucent gate.
  2502 | D:3      | Found a runed translucent gate.
  2504 | D:3      | HP: 7/41 [goblin (3)]
  2523 | D:3      | HP: 5/41 [hobgoblin/+0 club[Robin] (4)]
  2538 | D:3      | HP: 5/42 [hobgoblin/+0 club[Robin] (2)]
  2545 | D:3      | HP: 4/42 [bat (1)]
  2557 | D:3      | HP: 4/42 [bat (1)]
  2601 | D:3      | Identified a +0 pair of gloves (You found it on level 3 of
                  | the Dungeon)
  2663 | D:3      | Identified a +0 short sword
  2720 | D:3      | Identified a +0 whip
  2830 | D:3      | Killed Robin
  2839 | D:3      | HP: 9/42 [goblin[Robin] (3)]
  2876 | D:3      | Noticed nightchill's ghost (amateur GrVM)
  2876 | D:3      | Noticed Cunning1Sparkmage's ghost (amateur MfAE)
  3278 | D:3      | Identified 5 scrolls of identify
  3278 | D:3      | Identified 2 potions of heal wounds
  3279 | D:3      | Identified 2 potions of brilliance
  3351 | D:4      | Identified a +0 giant club
  3351 | D:4      | Noticed an ogre
  3360 | D:4      | Killed an ogre
  3360 | D:4      | Reached XP level 6. HP: 25/50 MP: 6/11
  3528 | D:4      | Identified a +0 hand axe
  3558 | D:4      | Identified a +3 hand axe
  3558 | D:4      | Identified a +0 ring mail
  3567 | D:4      | Identified a +0 short sword
  3568 | D:4      | Identified a +0 hand axe
  3582 | D:4      | Noticed Natasha
  3596 | D:4      | Killed Natasha
  3605 | D:4      | Noticed Natasha
  3612 | D:4      | Killed Natasha
  3754 | D:4      | Identified a +0 giant spiked club
  3769 | D:4      | Reached skill level 3 in Fighting
  3769 | D:4      | Reached skill level 4 in Transmutations
  3916 | D:4      | Found a staircase to the Ecumenical Temple.
  3917 | D:4      | lepoulpe303: !whichgod dntm
  3917 | D:4      | meem: No keyword 'dntm'
  3917 | D:4      | lepoulpe303: !whichgod drtm
  3917 | D:4      | meem: 93 recent wins for drtm: 26x Wu Jian, 15x
                  | Cheibriados, 9x Okawaru, 8x Ru, 7x Makhleb, 5x Nemelex
                  | Xobeh, 5x Gozag, 3x Elyvilon, 3x Jiyva, 3x The Shining One,
                  | 2x Ashenzari, 2x Vehumet, 2x Hepliaklqana, 2x Sif Muna,
                  | Qazlal
  3928 | D:4      | Reached skill level 4 in Unarmed Combat
  3937 | D:4      | Reached skill level 3 in Dodging
  3945 | Temple   | Entered the Ecumenical Temple
  4035 | Temple   | Became a worshipper of the Wu Jian Council
  4134 | D:4      | Reached skill level 4 in Spellcasting
  4134 | D:4      | Your scales start taking on a rich purple colour.
  4134 | D:4      | Reached XP level 7. HP: 38/57 MP: 12/14
  4149 | D:4      | Reached skill level 5 in Spellcasting
  4199 | D:4      | Identified a +0 dagger
  4199 | D:4      | Identified a +0 dagger
  4199 | D:4      | Identified a +0 robe
  4240 | D:4      | Noticed Natasha
  4255 | D:4      | Killed Natasha
  4283 | D:4      | Identified a +0 whip
  4283 | D:4      | Identified a +0 robe
  4284 | D:4      | Identified a +0 antimagic spear
  4441 | D:4      | Found a bloodstained altar of Trog.
  4472 | D:4      | Identified a +0 rapier
  4472 | D:4      | Identified a +0 leather armour
  4472 | D:4      | Noticed Eustachio
  4486 | D:4      | Killed Eustachio
  4580 | D:4      | Found a runed translucent door.
  4581 | D:4      | Identified a +4 quarterstaff of chaos
  4581 | D:4      | Identified a +0 cloak
  4581 | D:4      | Noticed Crazy Yiuf
  4628 | D:4      | Killed Crazy Yiuf
  4628 | D:4      | Reached skill level 5 in Transmutations
  4671 | D:5      | Entered Level 5 of the Dungeon
  4699 | D:5      | Identified a +0 shortbow
  4711 | D:5      | Reached XP level 8. HP: 52/66 MP: 16/16
  4882 | D:5      | Reached skill level 4 in Fighting
  4882 | D:5      | Reached skill level 6 in Spellcasting
  4914 | D:5      | Identified a +0 shortbow
  4919 | D:5      | Identified a +0 falchion
  4919 | D:5      | Identified a +0 scale mail
  5126 | D:5      | Found a glowing golden altar of the Shining One.
  5126 | D:5      | Found a burning altar of Makhleb.
  5150 | D:5      | Reached * piety under Wu Jian
  5509 | D:5      | Found a blossoming altar of Fedhas.
  5655 | D:5      | Identified a +0 halberd
  5655 | D:5      | Identified a +0 robe
  5655 | D:5      | Noticed Blork the orc
  5668 | D:5      | Killed Blork the orc
  5668 | D:5      | Reached skill level 4 in Dodging
  5668 | D:5      | Reached skill level 5 in Unarmed Combat
  5672 | D:5      | Reached skill level 6 in Transmutations
  6064 | D:6      | Found a stormy altar of Qazlal.
  6207 | D:6      | Noticed Menkaure
  6214 | D:6      | Killed Menkaure
  6239 | D:6      | Identified a +0 giant spiked club
  6257 | D:6      | Reached skill level 7 in Spellcasting
  6261 | D:6      | HP: 16/67 [crimson imp (1)]
  6591 | D:6      | Got a brightly glowing pewter ring
  6640 | D:6      | Learned a level 1 spell: Corona
  6681 | D:6      | Reached XP level 9. HP: 42/73 MP: 19/19
  6733 | D:6      | Found a sparkling altar of Nemelex Xobeh.
  7064 | D:7      | Reached skill level 5 in Fighting
  7163 | D:7      | Reached skill level 1 in Hexes
  7484 | D:7      | Reached skill level 7 in Transmutations
  7497 | D:7      | Learned a level 4 spell: Ice Form
  7536 | D:7      | Identified 3 potions of lignification
  7547 | D:7      | HP: 27/111 [killer bee (6)]
  7548 | D:7      | Identified 3 potions of flight
  7549 | D:7      | Identified 3 potions of berserk rage
  7553 | D:7      | HP: 34/166 [poisoned by a killer bee]
  7558 | D:7      | HP: 30/166 [killer bee (2)]
  7564 | D:7      | HP: 17/111 [poisoned by a killer bee]
  7569 | D:7      | HP: 17/111 [poisoned by a killer bee]
  7574 | D:7      | HP: 17/111 [poisoned by a killer bee]
  7888 | D:7      | Found a glowing golden altar of the Shining One.
  7906 | D:7      | Reached skill level 8 in Spellcasting
  7933 | D:7      | Identified 2 potions of agility
  7934 | D:7      | Identified 2 potions of might
  7934 | D:7      | HP: 14/74 [killer bee (8)]
  7937 | D:7      | Reached skill level 2 in Hexes
  7937 | D:7      | HP: 5/111 [killer bee (4)]
  7940 | D:7      | Identified a potion of curing
  7944 | D:7      | Reached ** piety under Wu Jian
  7944 | D:7      | HP: 16/111 [killer bee (3)]
  8428 | D:7      | Found an opulent altar of Gozag.
  8433 | D:7      | Identified a cursed +0 dagger
  8435 | D:7      | Identified a +0 hand axe
  8435 | D:7      | Identified a +0 leather armour
  8436 | D:7      | Identified a +0 dagger
  8436 | D:7      | Identified a +0 dagger
  8465 | D:7      | Identified a +0 hand axe
  8465 | D:7      | Identified a +0 animal skin
  8484 | D:7      | HP: 12/74 [hog (13)]
  8493 | D:7      | Reached skill level 6 in Unarmed Combat
  8501 | D:7      | HP: 7/75 [hog (9)]
  8506 | D:6      | Slain by a hog

Table legend:
 A = Turns spent in this place as a percentage of turns spent in the entire game.
 B = Non-inter-level travel turns spent in this place as a percentage of non-inter-level travel turns spent in the entire game.
 C = Inter-level travel turns spent in this place as a percentage of turns spent in this place.
 D = Turns resting spent in this place as a percentage of non-inter-level travel turns spent in this place.
 E = Turns spent auto-exploring this place as a percentage of non-inter-level travel turns spent in this place.
 F = Non-inter-level travel turns spent in this place divided by the number of levels of this place that you've seen.
                   A       B       C       D       E      F
               +-------+-------+-------+-------+-------+----------------------
         Total | 100.0 | 100.0 |   3.6 |  32.0 |  41.3 | 1024.9
       Dungeon |  98.7 |  98.9 |   3.5 |  32.3 |  40.7 | 1158.1
        Temple |   1.3 |   1.1 |  14.8 |   0.0 |  91.3 |  92.0
               +-------+-------+-------+-------+-------+----------------------

Table legend:
 A = Kills in this place as a percentage of kills in entire the game.
 B = Kills by you in this place as a percentage of kills by you in the entire game.
 C = Kills by friends in this place as a percentage of kills by friends in the entire game.
 D = Other kills in this place as a percentage of other kills in the entire game.
 E = Experience gained in this place as a percentage of experience gained in the entire game.
 F = Experience gained in this place divided by the number of levels of this place that you have seen.
                   A       B       C       D       E      F
               +-------+-------+-------+-------+-------+----------------------
         Total | 100.0 | 100.0 | 100.0 | 100.0 | 100.0 | 614.8
       Dungeon | 100.0 | 100.0 | 100.0 | 100.0 | 100.0 | 702.6
               +-------+-------+-------+-------+-------+----------------------

Skill      XL: |  1  2  3  4  5  6  7  8  9 |
---------------+----------------------------+-----
Dodging        | 2 3 4 |  4.9
Fighting       | 2 3 4 5 |  5.6
Transmutations | 3 4 5 6 7 |  7.6
Spellcasting   | 3 4 5 7 8 |  8.4
Unarmed Combat | 4 5 6 |  6.0
Hexes          | 2 |  2.6

Action                   |  1- 3 |  4- 6 |  7- 9 || total
-------------------------+-------+-------+-------++-------
Melee: Unarmed           |   167 |   245 |   567 ||   979
       Kick              |     3 |       |       ||     3
       Headbutt          |     7 |    38 |    73 ||   118
       Punch             |     1 |     3 |    10 ||    14
       Tailslap          |     6 |    20 |    46 ||    72
Throw: Dart              |       |     6 |     7 ||    13
 Cast: Beastly Appendage |    16 |    24 |    40 ||    80
       Sticks to Snakes  |       |     7 |    16 ||    23
       Spider Form       |       |       |     2 ||     2
Invok: Lunge             |       |     2 |    21 ||    23
       Whirlwind         |       |       |    21 ||    21
  Use: Scroll            |     1 |     2 |       ||     3
       Potion            |       |       |     8 ||     8
 Stab: Sleeping          |     2 |       |     2 ||     4
       Distracted        |       |       |     2 ||     2
  Eat: Chunk             |     3 |     8 |     9 ||    20
       Ration            |       |       |     2 ||     2
Armor: Skin              |    66 |    84 |   260 ||   410
Dodge: Dodged            |   104 |   173 |   369 ||   646

Vanquished Creatures
  A hippogriff (D:7)
  2 hogs (D:7)
  Eustachio (D:4)
  2 black bears
  2 sky beasts
  2 ogres
  2 phantoms
  2 centaurs (D:5)
  Blork the orc (D:5)
  4 bullfrogs
  A scorpion (D:5)
  9 killer bees (D:7)
  A howler monkey (D:5)
  4 crimson imps
  2 centaur zombies
  A bullfrog zombie (D:5)
  Crazy Yiuf (D:4)
  2 bullfrog skeletons
  2 hounds
  2 jellies
  A gnoll shaman (D:4)
  An orc wizard (D:4)
  An iguana (D:7)
  Natasha (D:4)
  5 worker ants
  A hound skeleton (D:7)
  Robin (D:3)
  4 gnolls (D:4)
  9 adders
  4 shadow imps
  An ooze (D:2)
  2 adder zombies (D:7)
  4 worms
  A dart slug (D:1)
  5 leopard geckos
  15 orcs
  2 ball pythons
  8 bats
  4 giant cockroaches
  14 goblins
  7 hobgoblins
  13 jackals
  7 quokkas
  2 frilled lizards
  A goblin skeleton (D:7)
  A goblin zombie (D:7)
  2 hobgoblin zombies (D:7)
  7 kobolds
  2 kobold skeletons (D:7)
  A kobold zombie (D:7)
  An orc zombie (D:7)
  6 rats
178 creatures vanquished.

Vanquished Creatures (collateral kills)
  Menkaure (D:6)
  An ogre (D:4)
  A scorpion (D:6)
  An orc wizard (D:3)
  Natasha (D:4)
5 creatures vanquished.

Vanquished Creatures (others)
  Natasha (D:4)
  2 withered plants (D:3)
3 creatures vanquished.

Grand Total: 186 creatures vanquished
